 Dungeon Crawl Stone Soup version 0.30-a0-457-g4b7bca3bfa (webtiles) character file.

Game seed: 14410780416004298312

2692 Lobster4 the Caller (level 9, 0/66 HPs)
             Began as a Human Summoner on Dec 13, 2022.
             Was an Initiate of Hepliaklqana.
             Slain by a two-headed ogre
             ... wielding a +0 giant club
              (24 damage)
             ... on level 8 of the Dungeon.
             The game lasted 00:25:50 (7511 turns).

Lobster4 the Caller (Human Summoner)                Turns: 7511, Time: 00:25:51

Health: 0/66       AC:  8    Str:  8    XL:     9   Next: 96%
Magic:  12/15      EV: 16    Int: 20    God:    Hepliaklqana [......]
Gold:   96         SH:  7    Dex: 14    Spells: 7/17 levels left

rFire   . . .      SeeInvis .    a - +7 short sword of Terra Cotta {vorpal, rPois}
rCold   . . .      Faith    .    p - +2 buckler
rNeg    . . .      Spirit   .    t - +2 animal skin
rPois   +          Reflect  .    u - +2 helmet
rElec   .          Harm     .    (no cloak)
rCorr   .          Rampage  .    z - +0 pair of gloves
Will    .....                    (no boots)
Stlth   ++........               g - amulet of the acrobat
HPRegen 0.31/turn                d - +4 ring of evasion
MPRegen 0.14/turn                e - ring of flight

@: flying
A: no striking features
a: Renounce Religion


You were on level 8 of the Dungeon.
You worshipped Hepliaklqana.
Hepliaklqana was noncommittal.
You visited 2 branches of the dungeon, and saw 10 of its levels.

You collected 232 gold pieces.
You spent 136 gold pieces at shops.

Inventory:

Hand Weapons
 a - the +7 short sword of Terra Cotta (weapon) {vorpal, rPois}
   (You bought it in a shop on level 7 of the Dungeon)

   It inflicts extra damage upon your enemies.
   rPois:     It protects you from poison.
 k - the +5 whip of Dim Light {holy, rElec}
   (You found it on level 4 of the Dungeon)

   It has been blessed by the Shining One to cause great damage to the undead
   and demons.
   rElec:     It insulates you from electricity.
 r - a +1 rapier of speed
 s - a +1 vorpal mace
 C - a +4 falchion
 H - a +2 vorpal morningstar
 K - a +3 morningstar
 L - a +1 vorpal spear
Missiles
 f - 5 poisoned darts
Armour
 p - a +2 buckler (worn)
 t - a +2 animal skin (worn)
 u - a +2 helmet (worn)
 z - a +0 pair of gloves (worn)
Magical Staves
 F - a staff of air
 M - a staff of fire
Jewellery
 d - a +4 ring of evasion (left hand)
 e - a ring of flight (right hand)
 g - an amulet of the acrobat (around neck)
Wands
 v - a wand of digging (2)
 x - a wand of charming (15)
Scrolls
 c - a scroll of fear
 n - a scroll of butterflies {unknown}
 y - a scroll of magic mapping {unknown}
 A - 3 scrolls of poison
 B - 2 scrolls of teleportation
 E - 2 scrolls of immolation
 G - a scroll of silence {unknown}
 J - a scroll of brand weapon
 N - a scroll of blinking {unknown}
Potions
 b - a potion of magic
 h - a potion of invisibility {unknown}
 i - 5 potions of heal wounds {unknown}
 j - 4 potions of curing {unknown}
 l - a potion of ambrosia
 m - a potion of mutation {unknown}
 o - 3 potions of haste
 q - 2 potions of might {unknown}
 w - 3 potions of flight {unknown}
 D - a potion of berserk rage
 I - 2 potions of degeneration {unknown}


   Skills:
 + Level 4.3 Fighting
 + Level 1.1 Short Blades
 - Level 3.0 Maces & Flails
 + Level 4.4 Armour
 - Level 3.0 Dodging
 - Level 3.0 Stealth
 + Level 4.2 Shields
 + Level 4.5 Spellcasting
 * Level 7.9 Summonings
 + Level 0.9 Air Magic
 - Level 3.0 Evocations


You had 7 spell levels left.
You knew the following spells:

 Your Spells              Type           Power      Damage    Failure   Level
a - Summon Small Mammal   Summ           100%       N/A       1%          1
b - Call Imp              Summ           36%        N/A       1%          2
c - Call Canine Familiar  Summ           36%        N/A       1%          3
h - Summon Lightning Spi  Summ/Air       22%        N/A       24%         4

Your spell library contained the following spells:

 Spells                   Type           Power      Damage    Failure   Level
 Summon Guardian Golem    Hex/Summ       20%        N/A       9%          3
 Static Discharge         Conj/Air       12%        2-3/arc   19%         2
 Vhi's Electric Charge    Tloc/Air       12%        N/A       36%         3
 Airstrike                Air            4%         2d(1-17)  71%         4
 Arcjolt                  Conj/Air       3%         1d13      98%         5
 Lightning Bolt           Conj/Air       3%         1d14      98%         5


Dungeon Overview and Level Annotations

Branches:
Dungeon (9/15)             Temple (1/1) D:6
   Lair: D:8-11         Orc: D:9-12

Altars:
Ashenzari
Cheibriados
Dithmenos
Elyvilon
Fedhas
Gozag
Hepliaklqana
Kikubaaqudgha
Makhleb
Nemelex Xobeh
Okawaru
Qazlal
Ru
Sif Muna
Trog
Uskayaw
Vehumet
Wu Jian
Xom
Yredelemnul
Zin
The Shining One

Shops:
D:7 (

Annotations:
D:2 Sigmund


Message History

Your crimson imp hits the cyan ugly thing but does no damage.
Your hound barely misses the cyan ugly thing.
The cyan ugly thing stings your crimson imp.
The cyan ugly thing shocks your crimson imp!
Your crimson imp dies!
Your crimson imp disappears in a puff of smoke!
Your hound barely misses the cyan ugly thing.
Your rat barely misses the cyan ugly thing.
The cyan ugly thing gurgles horribly!
Your hound barely misses the cyan ugly thing.
The cyan ugly thing stings you. The cyan ugly thing shocks you!
* * * LOW HITPOINT WARNING * * *
Your rat bites the cyan ugly thing.
As you read the scroll of fear, it crumbles to dust.
You assume a fearsome visage.
The cyan ugly thing looks frightened!
The two-headed ogre looks frightened!
Your hound bites the cyan ugly thing.
Your hound barely misses the cyan ugly thing.
Your hound bites the cyan ugly thing.
The two-headed ogre mutters, "Damn and blast!"
Your hound barely misses the cyan ugly thing.
Your hound bites the cyan ugly thing.
Your hound's attack snaps the cyan ugly thing out of its fear.
Your hound bites the cyan ugly thing but does no damage.
You see here a +0 robe.
Your hound disappears in a puff of smoke!
Your rat disappears in a puff of smoke!
There is a stone staircase leading down here.
You fly downwards.
There is a stone staircase leading up here.
You start resting.
Magic restored.
You start resting.
HP restored.
You fly upwards.
You block the two-headed ogre's attack.
The two-headed ogre hits you with a +0 giant club!
There is a stone staircase leading down here.
Casting: Call Canine Familiar (safe; 1% risk of failure)
Confirm with . or Enter, or press ? or * to list all spells.
The two-headed ogre hits you with a +0 giant club!! x2
You die...

... ##.......# .
##......## ##......##
### #.......#
##.####......##
###...####......##
##......###.......##
##........###........
##...@.....###......##
##....O......###.....#
##...h.........##....##
#..............###..##
#...............##..#
................##.##
#...............#..#
...............#..##
#............###..#


You could see a two-headed ogre (ally target) and a friendly hound (summoned).

Vanquished Creatures
  A sky beast (D:7)
  A scorpion (D:4)
  A necrophage (D:5)
  2 howler monkeys
  An orc priest (D:6)
  A jelly (D:5)
  An orc wizard (D:6)
  A gnoll (D:5)
  2 dart slugs
  6 orcs
  3 endoplasms (D:3)
  3 giant cockroaches (D:4)
  4 goblins
  6 hobgoblins
  3 jackals
  5 quokkas
  4 ball pythons
  2 bats
  3 frilled lizards
  7 kobolds
  A rat (D:3)
58 creatures vanquished.

Vanquished Creatures (collateral kills)
  Psyche (D:8)
  A wraith (D:6)
  A water moccasin (D:6)
  An orc warrior (D:6)
  2 ice beasts
  A black bear (D:7)
  5 ogres
  A phantom (D:5)
  A necrophage (D:5)
  A bullfrog (D:6)
  A gnoll sergeant (D:7)
  4 scorpions
  2 howler monkeys (D:7)
  A jelly (D:6)
  2 orc priests (D:4)
  2 iguanas
  2 orc wizards
  Robin (D:2)
  6 gnolls
  3 adders
  27 orcs
  A ball python (D:1)
  7 endoplasms
  7 goblins
  4 hobgoblins
  3 jackals (D:5)
  A quokka (D:1)
  2 frilled lizards
  4 kobolds
  A rat (D:1)
96 creatures vanquished.

Vanquished Creatures (others)
  An orc (D:8)
  2 plants (D:5)
3 creatures vanquished.

Grand Total: 157 creatures vanquished

Notes
Turn   | Place    | Note
-------+----------+-------------------------------------------
     0 | D:1      | Lobster4 the Human Summoner began the quest for the Orb.
     0 | D:1      | Reached XP level 1. HP: 13/13 MP: 3/3
   107 | D:1      | Reached XP level 2. HP: 19/19 MP: 1/5
   190 | D:1      | Learned a level 2 spell: Call Imp
   938 | D:2      | Reached XP level 3. HP: 16/25 MP: 3/6
  1223 | D:2      | Noticed Robin
  1244 | D:2      | Killed Robin
  1247 | D:2      | Noticed Sigmund
  1269 | D:2      | Reached skill level 1 in Armour
  1269 | D:2      | Reached XP level 4. HP: 6/31 MP: 2/7
  1477 | D:2      | Reached skill level 1 in Fighting
  2516 | D:4      | Noticed a scorpion
  2524 | D:4      | Killed a scorpion
  2525 | D:4      | Reached XP level 5. HP: 37/37 MP: 5/8
  2570 | D:4      | Identified the +5 whip of Dim Light {holy, rElec}
  2575 | D:4      | Learned a level 3 spell: Call Canine Familiar
  2883 | D:4      | Reached skill level 1 in Shields
  2961 | D:4      | Reached skill level 5 in Summonings
  2961 | D:4      | Reached XP level 6. HP: 43/43 MP: 1/9
  3520 | D:5      | Entered Level 5 of the Dungeon
  3521 | D:5      | Noticed an ogre
  3533 | D:5      | Killed an ogre
  3607 | D:5      | Reached XP level 7. HP: 43/49 MP: 9/11
  3664 | D:5      | Reached skill level 1 in Maces & Flails
  3664 | D:5      | Reached skill level 1 in Evocations
  4466 | D:5      | Reached XP level 8. HP: 57/57 MP: 6/12
  4529 | D:5      | Reached skill level 6 in Summonings
  4994 | D:6      | Noticed a wraith
  5026 | D:6      | Killed a wraith
  5316 | D:6      | Reached XP level 9. HP: 43/64 MP: 4/14
  5444 | D:6      | Found an iron altar of Okawaru.
  5635 | D:6      | Found a staircase to the Ecumenical Temple.
  5655 | D:6      | Reached skill level 7 in Summonings
  5664 | Temple   | Entered the Ecumenical Temple
  5719 | Temple   | Became a worshipper of Hepliaklqana the Forgotten
  6971 | D:7      | Found Cusuogau's Antique Weapon Shop.
  6976 | D:7      | Bought a twisted short sword for 136 gold pieces
  6976 | D:7      | Identified the +7 short sword of Terra Cotta {vorpal,
                  | rPois} (You bought it in a shop on level 7 of the Dungeon)
  7079 | D:7      | Learned a level 4 spell: Summon Lightning Spire
  7308 | D:8      | Noticed Psyche
  7318 | D:8      | Noticed a cyan ugly thing
  7340 | D:8      | Killed Psyche
  7341 | D:8      | Reached skill level 1 in Short Blades
  7342 | D:8      | Noticed a two-headed ogre
  7511 | D:8      | Slain by a two-headed ogre

Illustrated notes

Levels and vault maps discovered:
D:1:      roderic_dead_forest, layout_basic
D:2:      layout_loops_ring, mrwooster_statue_mirror, uniq_sigmund, uniq_robin
D:3:      layout_loops_cross, chequers_serial_rivers_room_a
D:4:      layout_loops_ring
D:5:      layout_loops_ring, nrook_loot_triangle, corexii_shack,
          chequers_serial_rivers_marsh, minmay_quadrilaterals
D:6:      layout_loops_ring, kennysheep_okawaru_gauntlet,
          minmay_temple_entry_waves
D:7:      layout_rooms, serial_shops, nicolae_shop_hallway_stairs
D:8:      layout_cave_pods, nicolae_titane, uniq_psyche
D:9:      layout_roguey [special_room_orc], dpeg_lair_monsters,
          ebering_ghost_gozag
Temple:   nicolae_temple_the_god_donut

Skill      XL: |  1  2  3  4  5  6  7  8  9 |
---------------+----------------------------+-----
Armour         | 1 2 3 4 |  4.4
Fighting       | 1 2 3 4 |  4.3
Shields        | 1 2 3 4 |  4.2
Stealth        | 3 |  3.0
Summonings     | 5 6 7 |  7.9
Dodging        | 3 |  3.0
Maces & Flails | 1 2 3 |  3.0
Evocations     | 1 2 3 |  3.0
Spellcasting   | 3 4 |  4.5
Short Blades   | 1 |  1.1
Air Magic      | |  0.9

Action                   |  1- 3 |  4- 6 |  7- 9 || total
-------------------------+-------+-------+-------++-------
Melee: Unarmed           |     3 |       |       ||     3
       Dagger            |    24 |       |       ||    24
       Rapier            |    40 |       |       ||    40
       Mace              |       |    53 |       ||    53
       Whip              |       |    21 |    70 ||    91
       Punch             |       |     1 |       ||     1
       Short sword       |       |       |     6 ||     6
Throw: Dart              |     2 |     3 |       ||     5
 Cast: Summon Small Mamm |    29 |    31 |    66 ||   126
       Call Imp          |     6 |    13 |    29 ||    48
       Call Canine Famil |       |     3 |    42 ||    45
  Use: Scroll            |       |     3 |     8 ||    11
       Potion            |       |       |     1 ||     1
 Stab: Sleeping          |     1 |     6 |     1 ||     8
       Distracted        |     1 |       |       ||     1
Armor: Robe              |    16 |       |       ||    16
       Animal skin       |       |    37 |    45 ||    82
Dodge: Dodged            |    51 |    52 |   273 ||   376
Block: Buckler           |       |       |     5 ||     5

Table legend: (Time is in decaauts)
 A = Elapsed time spent in this place.
 B = Non-inter-level travel time spent in this place.
 C = Inter-level travel time spent in this place.
 D = Time resting spent in this place.
 E = Time spent auto-exploring this place.
 F = Levels seen in this place.
 G = Mean time per level.
                   A        B        C        D        E       F      G
               +--------+--------+--------+--------+--------+-----+--------+
         Total |   7548 |   7236 |    312 |    654 |   4625 |  10 |  754.8 |
       Dungeon |   7224 |   6943 |    281 |    654 |   4353 |   9 |  802.7 |
        Temple |    323 |    292 |     31 |      0 |    272 |   1 |  323.0 |
               +--------+--------+--------+--------+--------+-----+--------+

Top non-repeatable levels by time:
     D:6: 1502 daAuts
     D:5: 1192 daAuts
     D:4: 941 daAuts
     D:3: 938 daAuts
     D:2: 897 daAuts
     D:1: 836 daAuts
     D:7: 648 daAuts
  Temple: 323 daAuts
     D:8: 139 daAuts
     D:9: 128 daAuts
